AoeStats
← Saxolive5888

Arabian Desert

510854507Analyzed
1v1 RM · 5h ago on Oct 2, 2026· 22m 3s· 2 players
Game mode
Random Map
Map size
Tiny (2 player)
Population
200
Speed
Normal
Resources
Standard
Victory
Conquest
Starting age
Dark Age
Ending age
Imperial Age
RankedLock teamsTeams togetherTeam positionsShared explorationLock speedFull tech treeHidden civsTurbo modeCheats
Victory
Defeat
🇨🇿 Maya · Czechia
662
+18
🇪🇸 Franks · Spain
700
-18
Saxolive5888
7:59 Loom
11:45 Feudal Age
12:15 Double-Bit Axe
12:15 Horse Collar
15:56 Fletching
isostatismo
5:19 Loom
10:38 Feudal Age
12:08 Wheelbarrow
11:22 Double-Bit Axe
16:25 Man-at-Arms
20:54 Forging
20:45 Scale Mail Armor
24:05 Castle Age
Connection lost

Rejoining the realm…

Still unreachable

The connection could not be restored.

Session expired

The server has moved on; the page needs a fresh start.